 Dungeon Crawl Stone Soup version 0.30-a0-439-g9e77e4d916 (webtiles) character file.

Game seed: 4096159070479012476

954 cforsyth the Chopper (level 7, 0/96 HPs)
             Began as a Minotaur Berserker on Dec 11, 2022.
             Was a Priest of Trog.
             Slain by an adder (3 damage)
             ... on level 5 of the Dungeon.
             The game lasted 00:09:29 (3324 turns).

cforsyth the Chopper (Minotaur Berserker)           Turns: 3324, Time: 00:09:30

Health: 0/96       AC: -2    Str: 24    XL:     7   Next: 91%
Magic:  6/6        EV: 12    Int:  4    God:    Trog [***...]
Gold:   283        SH:  0    Dex:  9    Spells: 6/6 levels left

rFire   + . .      SeeInvis .    y - +4 hand axe "Xipsooty" {vorpal, *Corrode Will+ Stlth+}
rCold   . . .      Faith    .    (no shield)
rNeg    . . .      Spirit   .    w - +0 ring mail
rPois   .          Reflect  .    (helmet restricted)
rElec   .          Harm     .    (no cloak)
rCorr   .          Rampage  .    g - +0 pair of gloves
Will    ++...                    z - +1 pair of boots
Stlth   ..........               o - amulet of regeneration
HPRegen 1.16/turn                m - ring of protection from fire
MPRegen 0.10/turn                q - ring of willpower

@: berserking, corroded, very quick
A: horns 2, retaliatory headbutt
a: Renounce Religion, Berserk, Trog's Hand


You were on level 5 of the Dungeon.
You worshipped Trog.
Trog was most pleased with you.
You visited 1 branch of the dungeon, and saw 5 of its levels.

You collected 283 gold pieces.

Inventory:

Hand Weapons
 a - a +1 hand axe
 y - the +4 hand axe "Xipsooty" (weapon) {vorpal, *Corrode Will+ Stlth+}
   (You found it on level 4 of the Dungeon)

   It inflicts extra damage upon your enemies.
   *Corrode:  It may corrode you when you take damage.
   Will:      It increases your willpower.
   Stlth:     It makes you more stealthy.
Armour
 g - a +0 pair of gloves (worn)
 w - a +0 ring mail (worn)
 z - a +1 pair of boots (worn)
Jewellery
 e - a ring of resist corrosion
 m - a ring of protection from fire (left hand)
 o - an amulet of regeneration (around neck)
 q - a ring of willpower (right hand)
Scrolls
 f - 3 scrolls of teleportation
 p - a scroll of enchant weapon
 u - a scroll of immolation
Potions
 b - 2 potions of curing
 c - a potion of lignification
 d - 2 potions of flight
 h - a potion of haste {unknown}
 j - 2 potions of attraction
 k - 2 potions of heal wounds
 r - a potion of mutation
 v - a potion of ambrosia


   Skills:
 + Level 6.5 Fighting
 + Level 6.5 Axes
 + Level 5.9 Armour
 + Level 5.3 Dodging


You had 6 spell levels left.
You didn't know any spells.
Your spell library was empty.

Dungeon Overview and Level Annotations

Branches:
Dungeon (5/15)             Temple (0/1) D:4

Altars:
Dithmenos
Elyvilon
Fedhas
Gozag
Hepliaklqana
Kikubaaqudgha
Nemelex Xobeh
Uskayaw
Vehumet
Wu Jian

Shops:
D:2 [   D:3 :   D:4 *

Annotations:
D:5 1 runed translucent door, Crazy Yiuf


Innate Abilities, Weirdness & Mutations

You have a pair of horns on your head.
You reflexively headbutt those who attack you in melee.


Message History

* * * LOW HITPOINT WARNING * * *
Unknown command.
You closely miss the orc wizard.
You headbutt the orc wizard, but do no damage.
The orc wizard is heavily wounded.
You feel sick. The orc wizard barely misses you. The orc completely misses you.
The orc hits you from afar with a +0 trident!
* * * LOW HITPOINT WARNING * * *
Your corrosive artefact corrodes you!
Unknown command.
You feel sick.
You are no longer poisoned.
Things that are here:
a +0 dagger; an orc corpse Unknown command.
You hit the orc.
You kill the orc!
Trog accepts your kill.
You hit the orc. You barely miss the orc wizard. The orc wizard misses you.
The orc barely misses you. You furiously retaliate!
You headbutt the orc.
You kill the orc!
Trog accepts your kill.
Unknown command.
You slash the orc wizard!
You kill the orc wizard!
Trog accepts your kill.
Trog appreciates your killing of a magic user.
You barely miss the adder. You closely miss the orc.
The adder barely misses you. The orc misses you.
Unknown command.
Unknown command.
You barely miss the adder. You hit the orc. The adder bites you.
* * * LOW HITPOINT WARNING * * *
Unknown command.
Unknown command.
You barely miss the adder. You closely miss the orc.
The orc hits you with a +0 whip.
* * * LOW HITPOINT WARNING * * *
The adder bites you.
You die...

... ............ ...
..........# #.#
#.........# #.# #........#
#.# #........# ##.#####
#........# #.†....### ###
#........####.#......#
..###........##S@)#......#
...##.###..)...o###......#
....#.#
#....##.........#####
......#
#...........###.....#
....### #.#..###....#
#.....#
.......##.........###
#.....#
.............#....#
#.....#
..........#.####..#
##.....#
....###..##.###..##
#......#


You could see an adder and an orc.

Vanquished Creatures
  Eustachio (D:5)
  Edmund (D:5)
  A necrophage (D:5)
  4 scorpions
  A jelly (D:5)
  4 hounds (D:4)
  An orc priest (D:5)
  An iguana (D:4)
  2 orc wizards (D:5)
  7 adders
  3 dart slugs
  10 orcs
  6 bats
  10 endoplasms
  4 giant cockroaches
  3 goblins
  6 hobgoblins
  6 jackals
  A quokka (D:1)
  A ball python (D:3)
  A frilled lizard (D:1)
  7 kobolds
  4 rats
85 creatures vanquished.

Notes
Turn   | Place    | Note
-------+----------+-------------------------------------------
     0 | D:1      | cforsyth the Minotaur Berserker began the quest for the
                  | Orb.
     0 | D:1      | Reached XP level 1. HP: 19/19 MP: 0/0
   134 | D:1      | Reached XP level 2. HP: 23/27 MP: 1/1
   664 | D:1      | Reached ** piety under Trog
   964 | D:1      | Reached XP level 3. HP: 33/33 MP: 2/2
  1483 | D:2      | Found Tethexo's Antique Armour Shop.
  1747 | D:3      | Found an opulent altar of Gozag.
  1773 | D:3      | Found a hazy altar of Hepliaklqana.
  1775 | D:3      | Found a hide-covered altar of Uskayaw.
  1775 | D:3      | Found a shadowy altar of Dithmenos.
  1775 | D:3      | Found an ancient bone altar of Kikubaaqudgha.
  1776 | D:3      | Found a sparkling altar of Nemelex Xobeh.
  1780 | D:3      | Found a white marble altar of Elyvilon.
  2002 | D:3      | Reached XP level 4. HP: 40/40 MP: 3/3
  2133 | D:3      | Found a faded altar of an unknown god.
  2152 | D:3      | Found Axuf's Book Boutique.
  2213 | D:3      | Found a radiant altar of Vehumet.
  2288 | D:4      | Identified the +4 hand axe "Xipsooty" {vorpal, *Corrode
                  | Will+ Stlth+}
  2432 | D:4      | Reached XP level 5. HP: 47/47 MP: 4/4
  2458 | D:4      | Reached skill level 5 in Axes
  2462 | D:4      | Reached skill level 5 in Fighting
  2536 | D:4      | Found Esilad's CLEARANCE SALE!.
  2560 | D:4      | Reached XP level 6. HP: 56/56 MP: 5/5
  2752 | D:4      | Found a staircase to the Ecumenical Temple.
  2859 | D:5      | Entered Level 5 of the Dungeon
  2913 | D:5      | Found an ornate altar of the Wu Jian Council.
  2915 | D:5      | Noticed Eustachio
  2948 | D:5      | Noticed Edmund
  2967 | D:5      | Killed Edmund
  2968 | D:5      | Reached skill level 5 in Armour
  2968 | D:5      | Reached XP level 7. HP: 48/62 MP: 6/6
  2976 | D:5      | Killed Eustachio
  3088 | D:5      | Reached *** piety under Trog
  3089 | D:5      | Reached skill level 5 in Dodging
  3137 | D:5      | Found a blossoming altar of Fedhas.
  3195 | D:5      | Found a runed translucent door.
  3196 | D:5      | Noticed Crazy Yiuf
  3324 | D:5      | HP: 3/96 [orc/+0 whip (6)]
  3324 | D:5      | Slain by an adder

Illustrated notes

Levels and vault maps discovered:
D:1:      eino_arrival_water_cross, layout_basic
D:2:      layout_rooms, serial_shops, shop, serial_park_tiny_2
D:3:      layout_rooms, lemuel_coloured_pillars_altar, minitemple, serial_shops,
          nicolae_lakefront_shop, dilly_ecumenical_altar_fadedgnrine,
          feat_on_display
D:4:      layout_cave_pools, minmay_temple_entry_enclosed_plants,
          nicolae_shop_clearance
D:5:      layout_rooms, mainiacjoe_overflow_large_starburst, uniq_eustachio,
          uniq_crazy_yiuf_cottage, uniq_edmund

Skill      XL: |  1  2  3  4  5  6  7 |
---------------+----------------------+-----
Fighting       | 4 5 6 |  6.5
Axes           | 4 5 6 |  6.5
Armour         | 3 4 5 |  5.9
Dodging        | 3 4 5 |  5.3

Action                   |  1- 3 |  4- 6 |  7- 9 || total
-------------------------+-------+-------+-------++-------
Melee: Hand axe          |    97 |    79 |    38 ||   214
       Headbutt          |    11 |    18 |     5 ||    34
Invok: Berserk           |     1 |       |     1 ||     2
  Use: Scroll            |       |    17 |       ||    17
Armor: Animal skin       |    21 |       |       ||    21
       Ring mail         |     1 |    38 |    18 ||    57
Dodge: Dodged            |    74 |    46 |    35 ||   155

Table legend: (Time is in decaauts)
 A = Elapsed time spent in this place.
 B = Non-inter-level travel time spent in this place.
 C = Inter-level travel time spent in this place.
 D = Time resting spent in this place.
 E = Time spent auto-exploring this place.
 F = Levels seen in this place.
 G = Mean time per level.
                   A        B        C        D        E       F      G
               +--------+--------+--------+--------+--------+-----+--------+
         Total |   3348 |   3239 |    109 |    248 |   2356 |   5 |  669.6 |
       Dungeon |   3348 |   3239 |    109 |    248 |   2356 |   5 |  669.6 |
               +--------+--------+--------+--------+--------+-----+--------+

Top non-repeatable levels by time:
     D:1: 1074 daAuts
     D:2: 684 daAuts
     D:3: 588 daAuts
     D:4: 538 daAuts
     D:5: 463 daAuts
